 Dungeon Crawl Stone Soup version 0.31-a0-222-gefeffbb62a (webtiles) character file.

Game seed: 11727763916600348263

13292 kazekaze the Cleaver (level 11, -2/97 HPs)
             Began as a Minotaur Berserker on July 5, 2023.
             Was an Elder of Trog.
             Slain by an ettin
             ... wielding a +0 dire flail
              (10 damage)
             ... on level 1 of the Orcish Mines.
             The game lasted 00:26:54 (8515 turns).

kazekaze the Cleaver (Minotaur Berserker)           Turns: 8515, Time: 00:26:55

Health: -2/97      AC: 32    Str: 23    XL:     11   Next: 73%
Magic:  10/10      EV: 11    Int:  9    God:    Trog [****..]
Gold:   186        SH:  7    Dex: 24    Spells: 10/10 levels left

rFire   + + +        M - +8 war axe "Medoecunekk" {protect, Int+3}
rCold   + . .        i - +0 buckler
rNeg    . . .        p - +5 plate armour {rC+}
rPois   .            a - +0 hat of the Boiling Point {-Tele rF+++ Will+ Dex+4}
rElec   +            A - +0 cloak
rCorr   .            O - +2 pair of gloves {Dex+3}
SInv    .            (no boots)
Will    +++..        y - amulet "Teotut" {RegenMP -Tele rElec rF+ Regen+} Stlth
                     j - ring of protection from fire
HPRegen 2.16/turn    r - +6 ring of dexterity
MPRegen 0.52/turn

%: no teleportation
@: strong-willed (expiring), under a protective aura, regenerating (expiring)
A: horns 2, retaliatory headbutt
a: Renounce Religion, Berserk, Trog's Hand, Brothers in Arms


You were on level 1 of the Orcish Mines.
You worshipped Trog.
Trog was greatly pleased with you.
You visited 2 branches of the dungeon, and saw 11 of its levels.
You also visited: Bailey.

You collected 959 gold pieces.
You spent 773 gold pieces at shops.

Inventory:

Hand Weapons
 x - the +3 falchion "Ewiekh" {spect, rPois Will+ rCorr Int-3}
   (You found it on level 6 of the Dungeon)

   Int:       It affects your intelligence (-3).
   rPois:     It protects you from poison.
   rCorr:     It protects you from acid and corrosion.
   Will:      It increases your willpower.
 E - a +4 scimitar of flaming
 G - a +3 vampiric hand axe
 M - the +8 war axe "Medoecunekk" (weapon) {protect, Int+3}
   (You bought it in a shop on level 9 of the Dungeon)

   Int:       It affects your intelligence (+3).
Missiles
 l - 10 boomerangs (quivered)
 v - a throwing net
Armour
 a - the +0 hat of the Boiling Point (worn) {-Tele rF+++ Will+ Dex+4}
   (You acquired it in a bailey)

   Dex:       It affects your dexterity (+4).
   rF:        It renders you almost immune to fire.
   -Tele:     It prevents most forms of teleportation.
   Will:      It increases your willpower.
 i - a +0 buckler (worn)
 p - a +5 plate armour of cold resistance (worn)
 A - a +0 cloak (worn)
 C - the +9 chain mail "Joateh" {rCorr Str-3 Slay+2}
   (You found it on level 9 of the Dungeon)

   Str:       It affects your strength (-3).
   Slay:      It affects your accuracy & damage with ranged weapons and melee
   (+2).
   rCorr:     It protects you from acid and corrosion.
 O - a +2 pair of gloves of dexterity (worn)
Jewellery
 j - a ring of protection from fire (left hand)
 r - a +6 ring of dexterity (right hand)
 y - the amulet "Teotut" (around neck) {RegenMP -Tele rElec rF+ Regen+}
   (You found it on level 4 of the Dungeon)

   [amulet of magic regeneration]

   It increases your rate of magic regeneration.
   rF:        It protects you from fire.
   rElec:     It insulates you from electricity.
   -Tele:     It prevents most forms of teleportation.
   Regen:     It increases your rate of health regeneration.
 H - an amulet of regeneration
Wands
 o - a wand of roots (7)
 q - a wand of flame (38)
 K - a wand of paralysis (4)
 L - a wand of acid (8)
Scrolls
 f - 3 scrolls of fear {unknown}
 g - 2 scrolls of identify
 h - 3 scrolls of vulnerability
 m - 3 scrolls of immolation
 t - 3 scrolls of enchant weapon
 u - 2 scrolls of fog
 B - a scroll of poison
 F - a scroll of teleportation
Potions
 b - a potion of heal wounds
 c - a potion of enlightenment {unknown}
 d - 2 potions of attraction {unknown}
 e - 2 potions of berserk rage
 k - 4 potions of lignification
 n - 4 potions of curing
 s - 2 potions of ambrosia
 w - a potion of might {unknown}
 D - a potion of mutation {unknown}
 I - a potion of resistance {unknown}
 J - a potion of cancellation {unknown}
Miscellaneous
 z - a lightning rod (4/4)


   Skills:
 + Level 9.2 Fighting
 + Level 7.0 Long Blades
 + Level 12.7 Axes
 + Level 1.0 Throwing
 + Level 11.1 Armour
 + Level 5.9 Dodging
 + Level 2.7 Stealth
 + Level 8.7 Shields
 + Level 0.3 Evocations


You had 10 spell levels left.
You didn't know any spells.
Your spell library was empty.

Dungeon Overview and Level Annotations

Branches:
Dungeon (10/15)            Temple (0/1) D:6             Orc (1/2) D:9
 Bailey (visited)
   Lair: D:8-11

Altars:
Ashenzari
Elyvilon
Gozag
Makhleb
Okawaru
Qazlal
Sif Muna
Trog
Vehumet
Xom
Yredelemnul
Zin

Shops:
D:7 *   D:9 ?=[(*


Innate Abilities, Weirdness & Mutations

You have a pair of horns on your head.
You reflexively headbutt those who attack you in melee.


Message History

The ettin closely misses you.
An orc comes into view. It is wielding a +0 hand axe.
The orc priest looks encouraged for a moment.
You slash the ettin!
The ettin is severely wounded.
You hit the two-headed ogre.
You hit the orc warrior but do no damage.
You block the two-headed ogre's attack. The two-headed ogre barely misses you.
The orc warrior misses you. You furiously retaliate!
You headbutt the orc warrior. You block the ettin's attack.
The ettin hits you but does no damage.
An orc comes into view. It is wielding a +0 hand axe.
You slash the ettin! You headbutt the ettin.
The ettin is almost dead.
You closely miss the two-headed ogre. You slash the orc warrior!
You kill the orc warrior!
Trog accepts your kill.
You slash the orc!
You kill the orc!
Trog accepts your kill. The ettin hits you but does no damage.
The ettin hits you with a +0 dire flail!!
You slash the ettin!
The ettin is almost dead.
You hit the orc warrior but do no damage.
You hit the two-headed ogre.
You feel the effects of Trog's Hand fading.
The two-headed ogre hits you but does no damage.
The two-headed ogre hits you with a +0 giant club!
The ettin hits you with a +0 dire flail!
The ettin hits you but does no damage. You block the orc warrior's attack.
The two-headed ogre attacks as you move away!
The two-headed ogre hits you but does no damage.
The two-headed ogre hits you with a +0 giant club!!
* * * LOW HITPOINT WARNING * * *
The ettin attacks as you move away!
The ettin hits you with a +0 dire flail!
* * * LOW HITPOINT WARNING * * *
The ettin hits you with a +0 dire flail!
You die...

............
...........
..........#
.......o ##...O.#
##...)oo#
.##..oOo###
####......C#.##
##.#.......@...#
##...........$..###
#......###........#
#.......####.....##
#.#...<.#.#...###
#.............#
###..........##
##.........#
##........#


You could see an ettin, a two-headed ogre, an orc warrior, an ogre, an orc
priest and 3 orcs.

Vanquished Creatures
  Erica (D:10)
  3 centaur warriors (D:9)
  2 tengu warriors (D:9)
  3 two-headed ogres
  The ghost of drugrobin the Spear-Bearer, a novice DgDe (D:6)
  A cyclops (D:9)
  A manticore (D:9)
  A gargoyle (D:10)
  A freezing wraith (D:9)
  A troll (D:10)
  Prince Ribbit (D:6)
  A slime creature (D:9)
  A jumping spider (shapeshifter) (D:9)
  A wyvern (D:9)
  A shadow (D:9)
  6 yaks (D:8)
  5 vampire mosquitoes (D:10)
  A water moccasin (D:7)
  6 orc warriors
  4 ice beasts (D:7)
  2 black bears
  An ogre (Orc:1)
  2 centaurs
  2 phantoms
  3 bullfrogs
  A scorpion (D:4)
  5 killer bees (D:6)
  4 howler monkeys (D:8)
  3 jellies (D:6)
  6 hounds
  8 orc priests
  3 sleepcaps
  Terence (D:2)
  An iguana (D:6)
  6 orc wizards
  4 gnolls (D:4)
  8 adders
  5 shadow imps
  3 white imps
  2 ufetubi
  2 worms
  3 dart slugs
  46 orcs
  7 ball pythons
  2 bats
  6 endoplasms
  8 hobgoblins
  8 kobolds
  6 quokkas
  3 frilled lizards
  17 goblins
  3 rats
223 creatures vanquished.

Vanquished Creatures (collateral kills)
  A centaur warrior (D:9)
1 creature vanquished.

Grand Total: 224 creatures vanquished

Notes
Turn   | Place    | Note
-------+----------+-------------------------------------------
     0 | D:1      | kazekaze the Minotaur Berserker began the quest for the
                  | Orb.
     0 | D:1      | Reached XP level 1. HP: 19/19 MP: 0/0
    20 | D:1      | Found a faded altar of an unknown god.
   151 | D:1      | Reached XP level 2. HP: 26/27 MP: 1/1
   288 | D:1      | Reached skill level 1 in Long Blades
   311 | D:1      | Reached skill level 4 in Axes
   378 | D:1      | Reached XP level 3. HP: 33/33 MP: 2/2
   757 | D:2      | Reached ** piety under Trog
   782 | D:2      | Noticed Terence
   792 | D:2      | Killed Terence
   795 | D:2      | Reached XP level 4. HP: 9/41 MP: 3/3
  1914 | D:3      | Found a basalt altar of Yredelemnul.
  2158 | D:4      | Noticed a scorpion
  2164 | D:4      | Killed a scorpion
  2165 | D:4      | Reached XP level 5. HP: 47/47 MP: 4/4
  2171 | D:4      | Noticed a phantom
  2181 | D:4      | Killed a phantom
  2182 | D:4      | Reached skill level 5 in Fighting
  2182 | D:4      | Reached skill level 1 in Shields
  2220 | D:4      | Reached XP level 6. HP: 34/56 MP: 5/5
  2401 | D:4      | Found a burning altar of Makhleb.
  2537 | D:4      | Noticed a water elemental
  2538 | D:4      | Found a stormy altar of Qazlal.
  2543 | D:4      | Noticed an air elemental
  2543 | D:4      | Noticed a fire elemental
  2662 | D:4      | Identified the amulet "Teotut" {RegenMP -Tele rElec rF+
                  | Regen+}
  3091 | D:5      | Entered Level 5 of the Dungeon
  3117 | D:5      | Reached skill level 5 in Long Blades
  3149 | D:5      | Reached XP level 7. HP: 60/61 MP: 6/6
  3338 | D:5      | Reached *** piety under Trog
  3737 | D:5      | Reached skill level 5 in Armour
  4063 | D:6      | Identified the +1 ring mail "Mibluuhu" {rC+ Dex+3}
  4099 | D:6      | Noticed Prince Ribbit
  4105 | D:6      | Killed Prince Ribbit
  4106 | D:6      | Reached skill level 1 in Stealth
  4106 | D:6      | Reached XP level 8. HP: 64/69 MP: 7/7
  4141 | D:6      | Identified the +3 falchion "Ewiekh" {spect, rPois Will+
                  | rCorr Int-3}
  4195 | D:6      | Found a staircase to the Ecumenical Temple.
  4376 | D:6      | Found a bloodstained altar of Trog.
  4398 | D:6      | Noticed drugrobin's ghost (novice DgDe)
  4399 | D:6      | Found a transporter.
  4402 | D:6      | Found a transporter.
  4451 | D:6      | Reached skill level 5 in Axes
  4464 | D:6      | Killed drugrobin's ghost
  4522 | D:6      | Found a broken altar of Ashenzari.
  4522 | D:6      | Found a burning altar of Makhleb.
  4524 | D:6      | Found a shimmering altar of Xom.
  4524 | D:6      | Found a glowing silver altar of Zin.
  4524 | D:6      | Found a shimmering altar of Xom.
  4676 | D:7      | Found a glowing silver altar of Zin.
  4685 | D:7      | Found High's Assorted Antiques.
  4707 | D:7      | Reached skill level 6 in Axes
  4765 | D:7      | Found a white marble altar of Elyvilon.
  4780 | D:7      | Reached XP level 9. HP: 64/75 MP: 8/8
  4888 | D:7      | Reached **** piety under Trog
  4893 | D:7      | Found a flagged portal.
  4905 | D:7      | Reached skill level 7 in Axes
  4905 | D:7      | Reached skill level 5 in Dodging
  4913 | Bailey   | Entered a bailey
  5232 | Bailey   | Identified a scroll of acquirement
  5232 | Bailey   | Acquired the +0 hat of the Boiling Point {-Tele rF+++ Will+
                  | Dex+4}
  5357 | D:7      | Found an opulent altar of Gozag.
  5473 | D:7      | Found a radiant altar of Vehumet.
  5476 | D:7      | Bought a scroll of identify for 44 gold pieces
  5476 | D:7      | Bought a scroll of identify for 44 gold pieces
  5476 | D:7      | Bought a thick diamond amulet for 110 gold pieces
  5549 | D:7      | Found a bloodstained altar of Trog.
  5618 | D:7      | Found a shimmering blue altar of Sif Muna.
  5892 | D:8      | Reached skill level 8 in Axes
  6008 | D:8      | Reached skill level 5 in Shields
  6015 | D:8      | Reached skill level 9 in Axes
  6015 | D:8      | Reached XP level 10. HP: 80/86 MP: 9/9
  6037 | D:8      | Found Ugaloeg's Antique Armour Boutique.
  6346 | D:8      | Found an iron altar of Okawaru.
  6634 | D:9      | Found Jivil's Weapon Emporium.
  6635 | D:9      | Found a staircase to the Orcish Mines.
  6636 | D:9      | Found Coib's Armour Emporium.
  6693 | D:9      | Found Lyado's Jewellery Shoppe.
  6795 | D:9      | Found Tigupror's Magic Scroll Emporium.
  7010 | D:9      | Noticed a centaur warrior
  7011 | D:9      | Noticed a centaur warrior
  7011 | D:9      | Noticed a centaur warrior
  7012 | D:9      | Noticed a tengu warrior
  7012 | D:9      | Noticed a manticore
  7012 | D:9      | Noticed a tengu warrior
  7012 | D:9      | Noticed a cyclops
  7033 | D:9      | Noticed a centaur warrior
  7059 | D:9      | Killed a centaur warrior
  7097 | D:9      | Killed a tengu warrior
  7098 | D:9      | Reached skill level 10 in Axes
  7101 | D:9      | Killed a centaur warrior
  7137 | D:9      | Killed a cyclops
  7138 | D:9      | Reached skill level 11 in Axes
  7302 | D:9      | Killed a centaur warrior
  7330 | D:9      | Killed a tengu warrior
  7331 | D:9      | Reached XP level 11. HP: 95/95 MP: 10/10
  7401 | D:9      | Killed a centaur warrior
  7408 | D:9      | Reached skill level 1 in Throwing
  7450 | D:9      | Identified the +9 chain mail "Joateh" {rCorr Str-3 Slay+2}
  7728 | D:9      | Found Bynourch's General Store.
  8134 | D:10     | Entered Level 10 of the Dungeon
  8216 | D:10     | Reached skill level 10 in Armour
  8251 | D:10     | Noticed Erica
  8259 | D:10     | Killed Erica
  8260 | D:10     | Reached skill level 12 in Axes
  8348 | D:10     | Noticed a two-headed ogre
  8356 | D:10     | Killed a two-headed ogre
  8406 | D:10     | Noticed a two-headed ogre
  8417 | D:10     | Killed a two-headed ogre
  8481 | D:9      | Bought the +8 war axe "Medoecunekk" {protect, Int+3} for
                  | 575 gold pieces
  8485 | Orc:1    | Entered Level 1 of the Orcish Mines
  8494 | Orc:1    | Noticed a two-headed ogre
  8496 | Orc:1    | Noticed an ettin
  8501 | Orc:1    | Noticed a two-headed ogre
  8505 | Orc:1    | Killed a two-headed ogre
  8515 | Orc:1    | Slain by an ettin

Illustrated notes

Levels and vault maps discovered:
D:1:      sevenhm_arrival_forest_fort_small_4, layout_basic, serial_forest,
          infiniplex_forest_lined_room_, infiniplex_forest_lined_ring,
          infiniplex_forest_end_1, infiniplex_forest_lined_corner,
          infiniplex_forest_clump_tiny, dreamdust_ecumenical_altar_grove
D:2:      layout_basic, uniq_terence
D:3:      layout_rooms, mainiacjoe_overflow_surrounded_room
D:4:      layout_loops_cross, mainiacjoe_overflow_brackets,
          nicolae_qazlal_style_of_elements
D:5:      layout_basic, grunt_decor_cap, serial_bayou_crossing
D:6:      layout_gridville, doesnt_xom_only_xom, minmay_temple_entry_nine_rooms,
          gammafunk_ghost_hive, uniq_prince_ribbit1
D:7:      layout_basic, pdpol_temple_overflow_zin_treasury_gozag_greed,
          led_sif_book, mainiacjoe_overflow_tiny_flanked,
          mainiacjoe_overflow_catwalk, lemuel_crystal_altar, serial_demonic,
          serial_demonic_a, serial_demonic_d, serial_demonic_g,
          serial_demonic_e, serial_shops, shop, enter_bailey_2,
          minmay_misc_feat_ornament, wad_floor_pattern_untrapped,
          nicolae_twisty_statue_hallways
D:8:      layout_loops_ring, kennysheep_okawaru_gauntlet,
          minmay_gold_behind_fungi, nicolae_stop_n_shop_2
D:9:      layout_layer_cave, orc_david_3, serial_shops, shop_statue, shop,
          nicolae_shop_rolled_up, minivault_12
D:10:     layout_grid_maze, minmay_fractal_squares_gapless_5, uniq_erica,
          uniq_erolcha
Orc:1:    layout_diamond_mine, serial_shops, shop, ebering_ghost_inner_flame,
          nicolae_volcano_entry_vermiform, hangedman_minor_magic

Skill      XL: |  1  2  3  4  5  6  7  8  9 10 11 |
---------------+----------------------------------+-----
Fighting       | 4 5 6 7 8 9 |  9.2
Long Blades    | 1 2 3 4 5 6 7 |  7.0
Axes           | 4 6 9 11 12 | 12.7
Armour         | 3 4 5 7 8 9 11 | 11.1
Dodging        | 3 4 5 |  5.9
Shields        | 1 2 3 5 7 8 |  8.7
Stealth        | 1 2 |  2.7
Throwing       | 1 |  1.0
Evocations     | |  0.3

Action                     |  1- 3 |  4- 6 |  7- 9 | 10-12 || total
---------------------------+-------+-------+-------+-------++-------
  Melee: Falchion          |    63 |   116 |    49 |       ||   228
         Headbutt          |     4 |    15 |    74 |    58 ||   151
         Hand axe          |       |       |   269 |   195 ||   464
         War axe           |       |       |       |    14 ||    14
  Throw: Boomerang         |       |       |       |     2 ||     2
 Invoke: Berserk           |     1 |     1 |     3 |     3 ||     8
         Brothers in Arms  |       |       |       |     1 ||     1
         Trog's Hand       |       |       |       |     1 ||     1
  Evoke: Wand              |       |       |       |     1 ||     1
    Use: Scroll            |       |       |    18 |       ||    18
         Potion            |       |       |       |     2 ||     2
   Stab: Sleeping          |       |       |     2 |       ||     2
         Distracted        |       |       |     1 |       ||     1
 Armour: Animal skin       |    10 |       |       |       ||    10
         Ring mail         |       |    19 |    36 |       ||    55
         Chain mail        |       |    32 |    33 |       ||    65
         Plate armour      |       |       |    35 |   119 ||   154
  Dodge: Dodged            |    54 |    93 |   162 |   102 ||   411
  Block: Buckler           |     1 |    14 |   100 |    66 ||   181

Table legend: (Time is in decaauts)
 A = Elapsed time spent in this place.
 B = Non-inter-level travel time spent in this place.
 C = Inter-level travel time spent in this place.
 D = Time resting spent in this place.
 E = Time spent auto-exploring this place.
 F = Levels seen in this place.
 G = Mean time per level.
                   A        B        C        D        E       F      G
               +--------+--------+--------+--------+--------+-----+--------+
         Total |   8580 |   8305 |    275 |    513 |   5680 |  12 |  715.0 |
       Dungeon |   8204 |   7929 |    275 |    472 |   5628 |  10 |  820.4 |
  Orcish Mines |     28 |     28 |      0 |      0 |      7 |   1 |   28.0 |
        Bailey |    348 |    348 |      0 |     41 |     45 |   1 |  348.0 |
               +--------+--------+--------+--------+--------+-----+--------+

Top non-repeatable levels by time:
     D:9: 1555 daAuts
     D:4: 948 daAuts
     D:2: 918 daAuts
     D:7: 883 daAuts
     D:6: 836 daAuts
     D:5: 760 daAuts
     D:1: 745 daAuts
     D:8: 719 daAuts
     D:3: 532 daAuts
  Bailey: 348 daAuts
    D:10: 304 daAuts
   Orc:1: 28 daAuts
